 Dungeon Crawl Stone Soup version 0.29.1-13-g9f3cf754e1 (webtiles) character file.

Game seed: 14096882247619926829

91 cdecastro the Shooter (level 4, -2/25 HPs)
             Began as a Kobold Arcane Marksman on Jan 30, 2023.
             Slain by an orc
             ... wielding a +0 hand axe
              (4 damage)
             ... on level 4 of the Dungeon on Jan 31, 2023.
             The game lasted 00:03:32 (1859 turns).

cdecastro the Shooter (Kobold Arcane Marksman)      Turns: 1859, Time: 00:03:33

Health: -2/25      AC:  2    Str:  9    XL:     4   Next: 87%
Magic:  0/5        EV: 15    Int: 14    God:
Gold:   29         SH:  0    Dex: 15    Spells: 4/5 levels left

rFire   . . .      SeeInvis .   a - +1 sling
rCold   . . .      Faith    .   (no shield)
rNeg    . . .      Spirit   .   c - +0 robe
rPois   .          Reflect  .   (no helmet)
rElec   .          Harm     .   (no cloak)
rCorr   .          Rampage  .   (no gloves)
Will    .....                   (no boots)
Stlth   ++........              (no amulet)
HPRegen 0.08/turn               (no ring)
MPRegen 0.09/turn               (no ring)

@: no status effects
A: small, no large weapons, nightstalker 3
a: no special abilities


You were on level 4 of the Dungeon.
You visited 1 branch of the dungeon, and saw 4 of its levels.

You collected 29 gold pieces.

Inventory:

Hand Weapons
 a - a +1 sling (weapon)
Armour
 c - a +0 robe (worn)
Magical Staves
 g - a staff of conjuration
 i - a staff of death
Jewellery
 f - an amulet of reflection
 o - a +4 ring of protection
 t - a ring of flight
Wands
 e - a wand of flame (19)
Scrolls
 b - a scroll of poison
 j - a scroll of enchant weapon {unknown}
 k - 6 scrolls of identify {unknown}
 n - a scroll of butterflies {unknown}
 p - 2 scrolls of teleportation {unknown}
 q - 2 scrolls of fear {unknown}
 r - a scroll of brand weapon {unknown}
Potions
 d - 2 potions of invisibility {unknown}
 h - a potion of berserk rage {unknown}
 l - a potion of attraction {unknown}
 m - a potion of degeneration {unknown}
 s - a potion of heal wounds {unknown}


   Skills:
 - Level 1.1 Fighting
 + Level 6.2 Ranged Weapons
 - Level 2.4 Dodging
 - Level 1.1 Spellcasting
 - Level 3.0 Hexes


You had 4 spell levels left.
You knew the following spells:

 Your Spells              Type           Power      Damage    Failure   Level
a - Slow                  Hex            36%        N/A       8%          1

Your spell library contained the following spells:

 Spells                   Type           Power      Damage    Failure   Level
 Inner Flame              Hex/Fire       4%         N/A       38%         3
 Portal Projectile        Hex/Tloc       8%         N/A       38%         3
 Cause Fear               Hex            4%         N/A       58%         4


Dungeon Overview and Level Annotations

Branches:
Dungeon (4/15)
 Temple: D:4-7

Altars:

Annotations:
D:2 not done


Innate Abilities, Weirdness & Mutations

You are small and have problems with some larger weapons.
You are completely attuned to the shadows.


Message History

The orc attacks as you move away! The orc hits you with a +0 falchion.
The orc attacks as you move away! The orc closely misses you.
The orc attacks as you move away! The orc closely misses you.
The orc attacks as you move away! The orc closely misses you.
Casting: Slow (safe; 8% risk of failure)
Confirm with . or Enter, or press ? or * to list all spells.
Aiming: Slow (safe; 8% risk of failure)
Press: ? - help, Shift-Dir - straight line, f/p - orc
Aim: an orc, wielding a +0 falchion and wearing a +0 leather armour (chance to affect: 64%)
The orc struggles to resist.
The orc hits you with a +0 falchion!
* * * LOW HITPOINT WARNING * * *
Unknown command.
Fire: a) +1 sling
Press: ? - help, Q - select action, (/) - cycle Shift-Dir - straight line, f/p - orc
Aim: an orc, wielding a +0 falchion and wearing a +0 leather armour (60% to hit)
You shoot a sling bullet. The sling bullet hits the orc.
The orc is severely wounded.
The orc closely misses you. The orc hits you with a +0 falchion!
* * * LOW HITPOINT WARNING * * *
Casting: Slow (safe; 8% risk of failure)
Confirm with . or Enter, or press ? or * to list all spells.
Aiming: Slow (safe; 8% risk of failure)
Press: ? - help, Shift-Dir - straight line, f/p - orc
Aim: an orc, wielding a +0 falchion and wearing a +0 leather armour (severely wounded, chance to affect: 64%)
The orc struggles to resist.
The orc misses you. The orc barely misses you.
Unknown command.
Fire: a) +1 sling
Press: ? - help, Q - select action, (/) - cycle Shift-Dir - straight line, f/p - orc
Aim: an orc, wielding a +0 falchion and wearing a +0 leather armour (severely wounded, 60% to hit)
You shoot a sling bullet. The sling bullet hits the orc.
You kill the orc!
The orc closely misses you.
Casting: Slow (safe; 8% risk of failure)
Confirm with . or Enter, or press ? or * to list all spells.
Aiming: Slow (safe; 8% risk of failure)
Press: ? - help, Shift-Dir - straight line, f - quokka
Aim: a quokka (chance to affect: 64%)
The quokka struggles to resist.
The quokka closely misses you. The orc hits you with a +0 hand axe.
You die...

#.######.#.#
#....#...#.#
####.#.###.#
#.#.....# ...
#.####### ## #.#
#.# ... #.# #.#
##.##.########.#
...).....r@.##.#
...#.....##o##.#
.. ##.#.....##)#
. #.##....##.#
#.####..##.#
#..........#
#######....#
...>#.# ######.#


You could see an orc and a quokka.

Vanquished Creatures
  Jessica (D:3)
  2 adders
  A dart slug (D:4)
  3 orcs (D:4)
  4 bats
  8 endoplasms
  3 giant cockroaches
  A goblin (D:3)
  3 hobgoblins
  2 kobolds
  A quokka (D:3)
  4 ball pythons
  2 frilled lizards
  4 rats
39 creatures vanquished.

Vanquished Creatures (others)
  A fungus (D:2)
  6 plants (D:2)
7 creatures vanquished.

Grand Total: 46 creatures vanquished

Notes
Turn   | Place    | Note
-------+----------+-------------------------------------------
     0 | D:1      | cdecastro the Kobold Arcane Marksman began the quest for
                  | the Orb.
     0 | D:1      | Reached XP level 1. HP: 12/12 MP: 2/2
    31 | D:1      | Reached skill level 3 in Ranged Weapons
   157 | D:1      | Reached XP level 2. HP: 14/16 MP: 3/3
   330 | D:1      | You fall into a shaft and drop 1 floor!
   346 | D:2      | Reached skill level 4 in Ranged Weapons
   525 | D:2      | Reached XP level 3. HP: 20/20 MP: 4/4
   594 | D:3      | Noticed Jessica
   596 | D:3      | Killed Jessica
   597 | D:3      | Reached skill level 5 in Ranged Weapons
   597 | D:3      | Reached XP level 4. HP: 25/25 MP: 5/5
   922 | D:2      | Found a faded altar of an unknown god.
  1370 | D:3      | Reached skill level 6 in Ranged Weapons
  1859 | D:4      | Slain by an orc

Illustrated notes

Levels and vault maps discovered:
D:1:      dreamdust_arrival_sigmund_warning, layout_basic, minmay_crystal_water
D:2:      layout_rooms, shapermc_ecumenical_altar_mp_urbaneastern,
          serial_forest, infiniplex_forest_clump_diagonal,
          infiniplex_forest_lined_ring, infiniplex_forest_end_1,
          infiniplex_forest_end_3, infiniplex_forest_clump_small
D:3:      layout_rooms, uniq_jessica
D:4:      layout_basic, minmay_temple_entry_offerings, gammafunk_ghost_split,
          uniq_crazy_yiuf_cottage

Skill      XL: |  1  2  3  4 |
---------------+-------------+-----
Ranged Weapons | 3 4 5 6 |  6.2
Fighting       | |  1.1
Dodging        | |  2.4
Spellcasting   | |  1.1
Hexes          | |  3.0

Action                   |  1- 3 |  4- 6 || total
-------------------------+-------+-------++-------
 Fire: Sling             |    45 |    97 ||   142
 Cast: Slow              |     1 |     8 ||     9
Armor: Robe              |     5 |     4 ||     9
Dodge: Dodged            |    24 |    45 ||    69
